 Dungeon Crawl Stone Soup version 0.29-a0-791-ga0f254aafb (webtiles) character file.

Game seed: 578547062529741480

39 Malachi the Shooter (level 3, -10/24 HPs)
             Began as an Octopode Hunter on July 3, 2022.
             Was a Follower of Yredelemnul.
             Killed by divine providence
             ... invoked by an orc priest
              (11 damage)
             ... on level 2 of the Dungeon.
             The game lasted 00:01:04 (1293 turns).

Malachi the Shooter (Octopode Hunter)               Turns: 1293, Time: 00:01:05

Health: -10/24     AC:  1    Str: 10    XL:     3   Next: 45%
Magic:  3/3        EV: 13    Int: 11    God:    Yredelemnul [*.....]
Gold:   72         SH:  0    Dex: 17    Spells: 2/2 levels left

rFire   . . .      SeeInvis .   a - +0 shortbow
rCold   . . .      Faith    .   (shield currently unavailable)
rNeg    . . .      Spirit   .   (helmet restricted)
rPois   .          Reflect  .   (no amulet)
rElec   .          Harm     .   (no ring)
rCorr   .          Rampage  .   (no ring)
Will    .....                   (no ring)
Stlth   +++.......              (no ring)
HPRegen 0.08/turn               (no ring)
MPRegen 0.08/turn               (no ring)
                                (no ring)
                                (no ring)

@: no status effects
A: almost no armour, amphibious, 8 rings, camouflage 1, gelatinous body 1,
(nimble swimmer 1), tentacles
a: Renounce Religion, Recall Undead Harvest


You were on level 2 of the Dungeon.
You worshipped Yredelemnul.
Yredelemnul was noncommittal.
You visited 1 branch of the dungeon, and saw 2 of its levels.

You collected 72 gold pieces.

Inventory:

Hand Weapons
 a - a +0 shortbow (weapon)
Jewellery
 h - a ring of fire
Scrolls
 b - a scroll of immolation
 d - 2 scrolls of blinking {unknown}
 f - a scroll of identify {unknown}
 g - a scroll of enchant armour {unknown}
Potions
 c - 4 potions of heal wounds {unknown}
 e - a potion of curing {unknown}
 i - 2 potions of invisibility {unknown}
 j - 3 potions of degeneration {unknown}


   Skills:
 - Level 2.0 Fighting
 * Level 4.9 Ranged Weapons
 - Level 2.0 Dodging
 + Level 2.4 Stealth


You had 2 spell levels left.
You didn't know any spells.
Your spell library was empty.

Dungeon Overview and Level Annotations

Branches:
Dungeon (2/15)

Altars:
Yredelemnul


Innate Abilities, Weirdness & Mutations

You cannot wear most types of armour.
You are amphibious.
You can wear up to eight rings at the same time.
Your skin changes colour to match your surroundings (Stealth+).
Your rubbery body absorbs attacks. (AC +1, EV +1)
((You are camouflaged when in or above water. (Stealth+)))
You have tentacles for arms and can constrict up to eight enemies at once.


Message History

The orc barely misses your frilled lizard zombie.
The orc hits your rat zombie with a +0 antimagic hand axe.
The orc barely misses your goblin zombie.
The orc barely misses your frilled lizard zombie.
The orc wizard hits your frilled lizard zombie with a +0 dagger.
Your frilled lizard zombie bites the orc wizard but does no damage.
Really fire in your rat zombie's direction?
Okay, then.
Really fire in your rat zombie's direction?
Okay, then.
Really fire in your rat zombie's direction? [Y]es or [N]o only, please.
Really fire in your rat zombie's direction?
Okay, then.
Your rat zombie bites the orc.
The orc closely misses your frilled lizard zombie.
The orc wizard closely misses your frilled lizard zombie.
Your goblin zombie hits something but does no damage.
Unknown command.
Your frilled lizard zombie closely misses the orc wizard.
Your rat zombie barely misses something.
The orc wizard hits your frilled lizard zombie with a +0 dagger.
Your frilled lizard zombie is destroyed!
Your goblin zombie closely misses something.
Something barely misses your rat zombie.
Your rat zombie closely misses something.
Your goblin zombie hits something but does no damage.
Something barely misses your rat zombie.
The orc priest calls down the wrath of Beogh upon you.
Beogh smites you!
Ouch! That really hurt!
* * * LOW HITPOINT WARNING * * *
Your rat zombie closely misses something.
You hear some strange, mumbled words.
Your rat zombie resists with significant effort.
Your goblin zombie closely misses something.
The orc priest invokes the aid of Beogh against you.
Beogh smites you!
You die...
Your body rises from the dead as a mindless zombie.

..#
#...........######.#
#...........# #.#
#...........# #.#
#.###...........#
#.#
#.............#Z#
#.#
#######.######.#.#
#.#
.........#...#Z#Z#
#..
#.#######..#.#.#Z#.#
###
#....####Z@#.#.#.#Z#
#
....ooo{ZZ...#.#Z#Z#
#
......o#Z.Z###Z#.#Z#
# .8...8.#...#
#.#Z#Z########
.......#...#
#Z#.#.........
.......#...#
#.Z.##########
.......#...# #####
#..Z .8...8.#...#
#.## .......#...#
#.#.


You could see an orc priest, an orc wizard, 2 orcs, a friendly ball python
zombie, 2 friendly adder zombies, a friendly rat zombie and a friendly goblin
zombie.

Vanquished Creatures
  An adder (D:2)
  A dart slug (D:2)
  An orc (D:2)
  5 ball pythons
  A bat (D:1)
  2 endoplasms (D:1)
  A goblin (D:2)
  3 frilled lizards
  A kobold (D:2)
  2 rats
18 creatures vanquished.

Vanquished Creatures (collateral kills)
  An adder (D:2)
  A hobgoblin (D:2)
2 creatures vanquished.

Vanquished Creatures (others)
  A frilled lizard zombie (D:2)
1 creature vanquished.

Grand Total: 21 creatures vanquished

Notes
Turn   | Place    | Note
-------+----------+-------------------------------------------
     0 | D:1      | Malachi the Octopode Hunter began the quest for the Orb.
     0 | D:1      | Reached XP level 1. HP: 14/14 MP: 1/1
   305 | D:1      | Reached XP level 2. HP: 19/19 MP: 2/2
   363 | D:1      | Found a faded altar of an unknown god.
   669 | D:1      | Prayed at the altar of an unknown god.
   669 | D:1      | Became a worshipper of Yredelemnul the Dark
   669 | D:1      | Reached * piety under Yredelemnul
   980 | D:2      | Reached XP level 3. HP: 24/24 MP: 3/3
  1292 | D:2      | HP: 1/24 [orc priest/divine providence (12)]
  1293 | D:2      | Killed from afar by an orc priest

Illustrated notes

Levels and vault maps discovered:
D:1:      matt_arrival_refuge, layout_loops_ring,
          chequers_ecumenical_altar_simple
D:2:      cheibrodos_pilgrimage, layout_basic

Skill      XL: |  1  2 |
---------------+-------+-----
Stealth        | 2 |  2.4
Fighting       | |  2.0
Ranged Weapons | |  4.9
Dodging        | |  2.0

Action                   || total
-------------------------++-------
 Fire: Shortbow          ||    35
Armor: Skin              ||     1
Dodge: Dodged            ||     8

Table legend: (Time is in decaauts)
 A = Elapsed time spent in this place.
 B = Non-inter-level travel time spent in this place.
 C = Inter-level travel time spent in this place.
 D = Time resting spent in this place.
 E = Time spent auto-exploring this place.
 F = Levels seen in this place.
 G = Mean time per level.
                   A        B        C        D        E       F      G
               +--------+--------+--------+--------+--------+-----+--------+
         Total |   1302 |   1282 |     20 |      0 |   1176 |   2 |  651.0 |
       Dungeon |   1302 |   1282 |     20 |      0 |   1176 |   2 |  651.0 |
               +--------+--------+--------+--------+--------+-----+--------+

Top non-repeatable levels by time:
     D:1: 686 daAuts
     D:2: 615 daAuts
